Map: World of Sleepers LE

Players

Ratl - Winner!

  • Race: Terran Terran
  • Spawn Location: 7:00

VOD

Have the link to the VOD?

Description

Time

  • Played on: Oct. 28, 2019, 6:48 p.m.
  • Length: 28:00
Show
View Real Time Build Order
Export as new Build Order

Ratl Terran - Winner!

Build Orders:  

Get SALT Encoding   

  12  0:03  SCV  
  13  0:27  SCV, Supply Depot  
  14  0:44  SCV  
  15  1:02  Barracks  
  15  1:04  SCV  
  16  1:18  Refinery  
  16  1:21  SCV  
  17  1:38  SCV  
  18  1:55  SCV  
  19  2:06  Refinery  
  19  2:12  SCV  
  19  2:16  Engineering Bay  
  20  2:29  SCV  
  21  2:45  SCV  
  22  3:02  SCV  
  23  3:12  Sensor Tower  
  23  3:16  Barracks Tech Lab  
  23  3:29  Ghost Academy  
  23  3:32  Orbital Command  
  23  3:44  Barracks  
  23  4:03  Supply Depot  
  23  4:06  Supply Depot  
  23  4:16  Supply Depot  
  23  4:31  Unknown  
  23  4:33  Marine  
  24  4:50  SCV  
  24  4:58  Marine  
  26  5:20  Barracks Reactor  
  26  5:23  Marine  
  26  5:27  Terran Infantry Weapons Level 1  
  27  5:35  Command Center  
  27  5:48  Marine  
  28  5:51  Stimpack  
  28  6:13  Marine  
  29  6:21  Missile Turret  
  29  6:38  Marine  
  30  6:50  Marine x2, Factory  
  32  7:03  Marauder  
  34  7:15  Marine x2  
  36  7:23  SCV  
  37  7:33  Marauder  
  37  7:39  Marine  
  39  7:40  SCV, Marine  
  39  7:49  SCV  
  43  7:57  SCV  
  44  8:02  Marauder  
  44  8:03  Starport  
  44  8:09  Reaper  
  48  8:10  Reaper  
  48  8:14  SCV  
  48  8:16  Armory  
  49  8:31  SCV  
  49  8:32  Marauder  
  52  8:41  Concussive Shells  
  52  8:52  SCV  
  53  9:09  SCV  
  54  9:10  Widow Mine  
  54  9:12  Refinery  
  54  9:22  Refinery  
  54  9:26  SCV  
  57  9:30  Missile Turret  
  59  9:40  Widow Mine, Reaper x2  
  59  9:43  SCV  
  60  9:53  Starport  
  62  10:03  SCV  
  62  10:10  Widow Mine  
  58  10:25  Reaper x2  
  55  10:54  SCV  
  57  11:10  Reaper  
  57  11:11  SCV, Personal Cloaking  
  59  11:21  Reaper  
  59  11:24  Ghost  
  59  11:28  SCV  
  62  11:39  Supply Depot  
  62  11:40  Supply Depot  
  62  11:41  Supply Depot  
  62  11:46  Supply Depot  
  62  11:51  Supply Depot  
  62  11:58  Supply Depot  
  62  12:09  SCV  
  65  12:14  Marauder, Reaper x2  
  67  12:26  SCV  
  68  12:32  Fusion Core  
  68  12:44  Marauder  
  73  12:59  Reaper x2  
  75  13:07  Terran Infantry Weapons Level 2  
  75  13:14  Marauder  
  75  13:16  SCV  
  78  13:32  SCV  
  81  13:43  Barracks  
  81  13:44  Marauder, Reaper x2  
  81  13:48  Unknown  
  81  13:49  SCV  
  84  14:06  SCV  
  85  14:10  Supply Depot  
  85  14:11  Supply Depot, Command Center  
  85  14:13  Supply Depot, Refinery  
  85  14:14  Marauder  
  85  14:19  Refinery  
  87  14:24  Marine x2  
  89  14:43  Supply Depot  
  89  14:45  Missile Turret  
  89  14:49  Marine x2  
  91  15:12  Marine, Factory  
  91  15:14  Marine x2  
  95  15:23  Barracks Tech Lab  
  94  15:37  Marine  
  94  15:39  Marine x2  
  97  15:53  Planetary Fortress  
  97  16:02  Ghost  
  97  16:03  Marine x2  
  97  16:28  Marine x2  
  87  16:42  Ghost  
  89  16:50  Barracks  
  89  16:51  Factory Tech Lab  
  89  16:59  Factory Reactor  
  89  17:08  Marauder  
  91  17:13  Marine x2  
  93  17:22  Ghost  
  95  17:32  Starport Reactor  
  95  17:34  Terran Infantry Weapons Level 3  
  95  17:38  Marine x2, Marauder  
  101  17:44  Factory Tech Lab  
  99  17:54  Viking  
  101  18:01  Ghost  
  101  18:03  Marine x2, Terran Ship Weapons Level 1  
  101  18:08  Marauder  
  107  18:18  SCV  
  108  18:28  Marine x2  
  110  18:35  SCV  
  110  18:36  Viking  
  110  18:38  Marauder  
  115  18:41  Ghost  
  117  18:52  SCV  
  118  19:08  Marauder  
  118  19:09  SCV  
  121  19:18  Viking  
  123  19:21  Ghost  
  123  19:26  SCV  
  120  19:50  Unknown  
  112  20:00  Viking  
  114  20:19  Command Center  
  114  20:43  Terran Vehicle Weapons Level 1  
  114  20:50  Unknown  
  114  21:14  Terran Infantry Armor Level 1  
  114  21:26  SCV  
  115  21:43  SCV  
  133  22:00  SCV  
  113  22:16  SCV  
  113  22:19  SCV  
  111  22:33  SCV  
  111  22:36  SCV  
  113  22:47  Refinery  
  113  22:50  Refinery  
  113  22:53  SCV  
  113  22:58  Marine x3  
  113  22:59  Marine x2  
  119  23:10  SCV  
  119  23:11  Hellion x2  
  119  23:14  Command Center  
  119  23:18  Hellbat  
  126  23:23  Marine x3  
  126  23:24  Marine x2  
  126  23:25  Starport Tech Lab  
  126  23:27  SCV  
  126  23:29  Terran Vehicle Weapons Level 2  
  132  23:41  Hellion x2  
  132  23:48  Marine x3, Hellbat  
  132  23:49  Marine x2  
  138  24:11  Hellion x2  
  138  24:13  Marine x4  
  138  24:14  Marine  
  138  24:18  Hellbat  
  149  24:30  Unknown  
  149  24:32  Barracks x2  
  149  24:38  Marine, Ghost  
  149  24:39  Factory, Ghost  
  154  24:40  Factory  
  154  24:41  Hellion x2  
  154  24:48  Hellbat  
  160  24:55  Supply Depot  
  160  24:58  Supply Depot  
  160  25:14  Structure Armor  
  160  25:18  Hellbat  
  162  25:28  Supply Depot  
  159  25:31  Supply Depot  
  156  25:46  Hellion x2  
  118  26:34  Hi-Sec Auto Tracking  
Tags
 
Add a new tag
Caveats
  • Supply blocks, unpowered buildings, or Contaminate may cause inaccurate times.
  • Supply counts are checked every 10 seconds.